 Dungeon Crawl Stone Soup version 0.30.0-29-ga12c61a403 (webtiles) character file.

Game seed: 6437617326308879771

201 Graphine the Magician (level 5, 0/38 HPs)
             Began as a Demonspawn Hedge Wizard on June 13, 2023.
             Succumbed to a scorpion's poison
             ... on level 4 of the Dungeon.
             The game lasted 00:10:27 (3562 turns).

Graphine the Magician (Demonspawn Hedge Wizard)     Turns: 3562, Time: 00:10:27

Health: 0/38       AC: 10    Str: 10    XL:     5   Next: 50%
Magic:  4/10       EV: 12    Int: 17    God:
Gold:   162        SH:  0    Dex: 13    Spells: 2/11 levels left

rFire   . . .        r - +1 dagger (protect)
rCold   . . .        (no shield)
rNeg    . . .        b - +0 robe
rPois   .            c - +1 hat
rElec   .            (no cloak)
rCorr   .            (no gloves)
SInv    .            (no boots)
Will    .....        (no amulet)
Stlth   ++           (no ring)
HPRegen 0.26/turn    (no ring)
MPRegen 0.24/turn

%: no passive effects
@: lethally poisoned (0 -> -4), under a protective aura
A: magic regeneration
a: no special abilities


You were on level 4 of the Dungeon.
You visited 1 branch of the dungeon, and saw 4 of its levels.

You collected 162 gold pieces.

Inventory:

Hand Weapons
 a - a +0 dagger of freezing
 r - a +1 dagger of protection (weapon)
Missiles
 v - 3 curare-tipped darts
Armour
 b - a +0 robe (worn)
 c - a +1 hat (worn)
 l - a +0 buckler
Wands
 o - a wand of iceblast (11)
Scrolls
 e - a scroll of fog
 g - 2 scrolls of enchant armour
 i - 3 scrolls of teleportation
 j - 2 scrolls of amnesia
 u - a scroll of torment
Potions
 d - a potion of magic
 k - 4 potions of might
 s - a potion of invisibility
 t - a potion of degeneration


   Skills:
 + Level 1.9 Fighting
 + Level 2.6 Dodging
 - Level 1.8 Stealth
 + Level 3.5 Spellcasting
 * Level 2.8 Conjurations
 * Level 2.8 Summonings
 - Level 0.9 Translocations


You had 2 spell levels left.
You knew the following spells:

 Your Spells              Type           Power      Damage    Failure   Level
a - Magic Dart            Conj           48%        1d5       4%          1
b - Call Imp              Summ           24%        N/A       8%          2
c - Blink                 Tloc           12%        N/A       17%         2
d - Animate Armour        Summ/Erth      14%        N/A       67%         4

Your spell library contained the following spells:

 Spells                   Type           Power      Damage    Failure   Level
 Necrotise                Necr           8%         1d4       17%         1
 Slow                     Hex            8%         N/A       17%         1
 Cigotuvi's Dreadful Rot  Necr/Pois/Air  4%         N/A       26%         2
 Ensorcelled Hibernation  Hex/Ice        4%         N/A       26%         2
 Passwall                 Tmut/Erth      1%         N/A       26%         2
 Stone Arrow              Conj/Erth      14%        3d7       28%         3
 Mephitic Cloud           Conj/Pois/Air  6%         N/A       32%         3
 Swiftness                Air            2%         N/A       45%         3
 Vampiric Draining        Necr           2%         2d6       45%         3
 Agony                    Necr           2%         N/A       99%         5
 Lehudib's Crystal Spear  Conj/Erth      3%         10d3      100%        8


Dungeon Overview and Level Annotations

Branches:
Dungeon (4/15)
 Temple: D:4-7

Altars:
Ashenzari
Uskayaw


Innate Abilities, Weirdness & Mutations

You regenerate magic rapidly.


Message History

Your cerulean imp hits the scorpion with a -3 spear.
The scorpion stings you but does no damage.
Hit: r) +1 dagger (protect)
Press: ? - help, Dir - move target, f/p - scorpion
Aim: a scorpion (heavily wounded, ally target, about 37% to evade your +1 dagger of protection)
You barely miss the scorpion.
The scorpion is heavily wounded.
Your cerulean imp misses the scorpion.
The scorpion completely misses you.
Hit: r) +1 dagger (protect)
Press: ? - help, Dir - move target, f/p - scorpion
Aim: a scorpion (heavily wounded, ally target, about 37% to evade your +1 dagger of protection)
You hit the scorpion but do no damage.
The scorpion is heavily wounded.
Your cerulean imp hits the scorpion with a -3 spear.
The scorpion stings you.
You are poisoned.
The scorpion poisons you!
Hit: r) +1 dagger (protect)
Press: ? - help, Dir - move target, f/p - scorpion
Aim: a scorpion (heavily wounded, ally target, about 37% to evade your +1 dagger of protection)
You hit the scorpion but do no damage.
The scorpion is heavily wounded.
* * * LOW HITPOINT WARNING * * *
You feel very sick.
Your cerulean imp hits the scorpion but does no damage.
The scorpion stings you.
* * * LOW HITPOINT WARNING * * *
Your magical contamination has completely faded away.
Okay, then.
Okay, then.
Okay, then.
* * * LOW HITPOINT WARNING * * *
You feel sick. The scorpion closely misses you.
Your cerulean imp hits the scorpion but does no damage.
The scorpion barely misses you.
* * * LOW HITPOINT WARNING * * *
You feel sick.
Your cerulean imp barely misses the scorpion.
The scorpion stings you but does no damage.
You die...

.....................#
.....................#
##...................##
#..........#...........
...........#...........
.....................##
.......#.............#
.......s5.....#.##...
##..#.@.....#### .. #..
#........# #...........
##>.#..#....#
#..#.##...## .....# .##
....... # ..... .


You could see a scorpion (ally target) and a friendly cerulean imp (summoned).

Vanquished Creatures
  A scorpion (D:4)
  2 gnolls (D:2)
  3 adders
  A dart slug (D:1)
  2 orcs
  3 endoplasms
  6 giant cockroaches (D:1)
  7 hobgoblins
  3 jackals (D:2)
  9 kobolds
  4 quokkas
  6 ball pythons
  10 bats
  2 frilled lizards
  4 goblins
  10 rats
73 creatures vanquished.

Vanquished Creatures (collateral kills)
  A gnoll (D:2)
  An orc (D:3)
  A giant cockroach (D:3)
  A goblin (D:3)
  3 hobgoblins
7 creatures vanquished.

Grand Total: 80 creatures vanquished

Notes
Turn   | Place    | Note
-------+----------+-------------------------------------------
     0 | D:1      | Graphine the Demonspawn Hedge Wizard began the quest for
                  | the Orb.
     0 | D:1      | Reached XP level 1. HP: 13/13 MP: 4/4
   194 | D:1      | Gained mutation: You regenerate magic rapidly. [demonic
                  | ancestry]
   194 | D:1      | Reached XP level 2. HP: 20/20 MP: 1/6
   351 | D:1      | Learned a level 2 spell: Call Imp
   354 | D:1      | Learned a level 2 spell: Blink
   544 | D:1      | Found a faded altar of an unknown god.
   879 | D:1      | Reached skill level 1 in Fighting
   955 | D:1      | Reached XP level 3. HP: 26/26 MP: 3/7
  1971 | D:2      | Reached XP level 4. HP: 5/32 MP: 0/8
  2764 | D:3      | Found a broken altar of Ashenzari.
  3026 | D:3      | Reached XP level 5. HP: 32/37 MP: 2/10
  3316 | D:3      | Found a hide-covered altar of Uskayaw.
  3544 | D:4      | Learned a level 4 spell: Animate Armour
  3561 | D:4      | HP: 1/38 [poisoned by a scorpion]
  3562 | D:4      | Succumbed to a scorpion's poison

Illustrated notes

Levels and vault maps discovered:
D:1:      erik_arrival_cave_to_civilisation [erik_arrival_cave_to_hall],
          layout_loops_ring, chequers_ecumenical_altar_twisty
D:2:      kennysheep_big_flooded_room, layout_basic
D:3:      layout_loops_ring, mainiacjoe_overflow_alcove_2,
          mainiacjoe_overflow_catwalk
D:4:      layout_cave_pools, marbit_many_paths, serial_column_ruins,
          column_ruins_circle_large, column_ruins_hut, column_ruins_open_tiny,
          column_ruins_open_medium, column_ruins_grid_1,
          column_ruins_columns_corner, column_ruins_grid_1, serial_shops, shop,
          kennysheep_doodads, uniq_sigmund, uniq_ijyb

Skill      XL: |  1  2  3 |
---------------+----------+-----
Dodging        | 2 |  2.6
Fighting       | 1 |  1.9
Summonings     | 2 |  2.8
Conjurations   | 2 |  2.8
Stealth        | |  1.8
Spellcasting   | |  3.5
Translocations | |  0.9

Action                     |  1- 3 |  4- 6 || total
---------------------------+-------+-------++-------
  Melee: Dagger            |    44 |    31 ||    75
   Cast: Magic Dart        |   141 |    67 ||   208
         Call Imp          |       |    12 ||    12
         Blink             |       |     1 ||     1
    Use: Scroll            |     3 |    12 ||    15
         Potion            |       |     2 ||     2
   Stab: Distracted        |       |     1 ||     1
 Armour: Robe              |    22 |     9 ||    31
  Dodge: Dodged            |    58 |    37 ||    95
